[Event "ICC tourney 1955 (60 10)"]
[Site "Internet Chess Club"]
[Date "2020.08.08"]
[Round "5"]
[White "hilariouspanda"]
[Black "DLWarrior"]
[Result "0-1"]
[ICCResult "White resigns"]
[WhiteElo "2061"]
[BlackElo "1940"]
[Opening "Queen's pawn, Mason variation, Steinitz counter-gambit"]
[ECO "D00"]
[NIC "QP.08"]
[Time "15:20:54"]
[TimeControl "3600+10"]

1. d4 d5 2. Bf4 c5 3. e3 Nc6 4. c3 Nf6 5. Nd2 Bg4 6. Qb3 Qb6 7. dxc5 Qxb3 8.
axb3 e5 9. Bg5 Bxc5 10. Bxf6 gxf6 11. b4 Bb6 12. h3 Be6 13. Ngf3 e4 14. Nd4
Nxd4 15. exd4 f5 16. Bb5+ Ke7 17. Ke2 Rhg8 18. g3 a6 19. Ba4 Bc7 20. Rhg1 f4
21. gxf4 Bxf4 22. Bb3 Kd6 23. f3 Bxd2 24. Kxd2 exf3 25. Ke3 Bxh3 26. Kxf3
Bf5 27. Rxg8 Rxg8 28. Kf4 Be4 29. c4 h5 30. c5+ Ke6 31. Bd1 Rg1 32. Rc1 Ke7
33. Ke3 h4 34. Kf2 Rg2+ 35. Ke3 h3 36. Bf3 Rg3 37. Rf1 h2 {White resigns}
0-1

[Event "ICC tourney 1955 (60 10)"]
[Site "Internet Chess Club"]
[Date "2020.08.08"]
[Round "5"]
[White "pangpangba"]
[Black "joeandjoe56"]
[Result "1-0"]
[ICCResult "Black resigns"]
[WhiteElo "1561"]
[BlackElo "1792"]
[Opening "Scotch: Meitner variation"]
[ECO "C45"]
[NIC "SO.05"]
[Time "15:21:09"]
[TimeControl "3600+10"]

1. e4 e5 2. Nf3 Nc6 3. d4 exd4 4. Nxd4 Bc5 5. Be3 Qf6 6. c3 Nge7 7. Nc2 Bxe3
8. Nxe3 O-O 9. Be2 Ng6 10. O-O Re8 11. f3 Qg5 12. Nd5 Nf4 13. Nxf4 Qxf4 14.
Qd2 Qh4 15. Bc4 d6 16. Qf2 Qh5 17. Na3 Ne5 18. Bb3 Bd7 19. Nc4 Nd3 20. Qd2
Nc5 21. Bc2 Bb5 22. Bb3 a5 23. Rfe1 a4 24. Na3 axb3 25. Nxb5 bxa2 26. Nxc7
Nb3 27. Qf2 Nxa1 28. Rxa1 Rec8 29. Nxa8 Rxa8 30. Qb6 Qc5+ 31. Qxc5 dxc5 32.
Kf2 Kf8 33. Ke3 Ke7 34. Kd3 Kd6 35. Kc4 Kc6 36. b4 cxb4 37. Kxb4 b5 38. Kb3
Kc5 39. Rxa2 Rxa2 40. Kxa2 Kc4 41. Kb2 g5 42. Kc2 h5 43. g3 f6 44. h4 gxh4
45. gxh4 Kc5 46. Kb3 Kd6 47. Kb4 Kc6 48. f4 Kb6 49. e5 fxe5 50. fxe5 Kc6 51.
e6 Kd6 52. Kxb5 Kxe6 53. c4 Kd7 54. Kb6 Kc8 55. Kc6 Kd8 56. Kb7 Kd7 57. c5
{Black resigns}
1-0

[Event "ICC tourney 1955 (60 10)"]
[Site "Internet Chess Club"]
[Date "2020.08.08"]
[Round "5"]
[White "GenerousSW"]
[Black "AVS"]
[Result "1/2-1/2"]
[ICCResult "Game drawn by mutual agreement"]
[WhiteElo "1996"]
[BlackElo "1856"]
[Opening "Ruy Lopez: closed, Chigorin defense"]
[ECO "C97"]
[NIC "RL.24"]
[Time "15:21:03"]
[TimeControl "3600+10"]

1. e4 e5 2. Nf3 Nc6 3. Bb5 a6 4. Ba4 Nf6 5. O-O Be7 6. Re1 b5 7. Bb3 d6 8.
c3 O-O 9. h3 Na5 10. Bc2 c5 11. d4 Qc7 12. Nbd2 Bd7 13. Nf1 Rfc8 14. dxe5
dxe5 15. Bg5 h6 16. Bh4 Bc6 17. Bxf6 Bxf6 18. Ne3 Rd8 19. Qe2 Qe7 20. Red1
Rxd1+ 21. Rxd1 Rd8 22. b3 Rd7 23. c4 Rxd1+ 24. Qxd1 Qd7 25. Qxd7 Bxd7 26.
Kf1 Kf8 27. Ke2 Nc6 28. Nd5 Nd4+ 29. Nxd4 exd4 30. cxb5 axb5 31. Bd3 Bd8 32.
Kd2 Bc6 33. Nf4 Bg5 34. g3 Ke7 35. Kc2 Bxf4 36. gxf4 Kd6 37. h4 Kc7 38. f5
f6 39. Kd2 Kd6 {Game drawn by mutual agreement} 1/2-1/2

[Event "ICC tourney 1955 (60 10)"]
[Site "Internet Chess Club"]
[Date "2020.08.08"]
[Round "5"]
[White "Knightboy123"]
[Black "karuto2006"]
[Result "0-1"]
[ICCResult "White checkmated"]
[WhiteElo "1630"]
[BlackElo "1784"]
[Opening "Ruy Lopez: closed, Breyer defense"]
[ECO "C94"]
[NIC "RL.25"]
[Time "15:20:48"]
[TimeControl "3600+10"]

1. e4 e5 2. Nf3 Nc6 3. Bb5 a6 4. Ba4 Nf6 5. O-O Be7 6. Re1 b5 7. Bb3 O-O 8.
c3 d6 9. h3 Nb8 10. d3 Nbd7 11. Nbd2 c5 12. Nf1 Re8 13. Ng3 Bf8 14. Ng5 c4
15. dxc4 h6 16. Nxf7 Kxf7 17. cxb5+ Kg6 18. Nf5 Nc5 19. Bd5 Nxd5 20. Qxd5
Bb7 21. Qd1 Kh7 22. bxa6 Bxe4 23. Rxe4 Nxe4 24. Qc2 d5 25. f3 Bc5+ 26. Be3
Qb6 27. Re1 g6 28. fxe4 gxf5 29. Qf2 Bxe3 30. Rxe3 f4 31. Re2 Qxf2+ 32. Kxf2
dxe4 33. Rxe4 Rxa6 34. a3 Kg6 35. a4 Kf5 36. Kf3 Rd8 37. Rb4 Rd3+ 38. Ke2
Re3+ 39. Kf2 Rd6 40. a5 Rd2+ 41. Kf1 Ree2 42. a6 Rf2+ 43. Ke1 Rxb2 44. a7
Rbe2+ 45. Kd1 Ra2 46. Ke1 Rxg2 47. Kf1 Rh2 48. Kg1 Rhc2 49. Rb1 Rxa7 50. h4
Rxc3 51. h5 Rg3+ 52. Kh1 Ra2 53. Rf1 Rb3 54. Re1 e4 55. Rd1 Rd3 56. Rf1 f3
57. Rg1 Rdd2 58. Rg2 Ra1+ 59. Rg1 Rxg1+ 60. Kxg1 e3 61. Kh1 e2 62. Kh2 e1=Q+
63. Kh3 Rh2+ 64. Kxh2 Qh4+ 65. Kg1 Qg3+ 66. Kf1 Qg2+ 67. Ke1 Qe2#
{White checkmated}
0-1

[Event "ICC tourney 1955 (60 10)"]
[Site "Internet Chess Club"]
[Date "2020.08.08"]
[Round "5"]
[White "OneEverest"]
[Black "aritroc"]
[Result "1-0"]
[ICCResult "Black resigns"]
[WhiteElo "2031"]
[BlackElo "1860"]
[Opening "Sicilian: accelerated fianchetto, modern variation with Bc4"]
[ECO "B35"]
[NIC "SI.34"]
[Time "15:20:26"]
[TimeControl "3600+10"]

1. e4 c5 2. Nf3 Nc6 3. d4 cxd4 4. Nxd4 Nf6 5. Nc3 g6 6. Bc4 Bg7 7. Be3 O-O
8. O-O d6 9. f3 Nxd4 10. Bxd4 Be6 11. Nd5 Nxd5 12. exd5 Bf5 13. Bxg7 Kxg7
14. Qd4+ Kg8 15. Bb3 Qc7 16. Rfe1 Rfe8 17. Rac1 a6 18. c4 Rac8 19. Kh1 Qc5
20. Qd2 Rc7 21. Rc3 Qb4 22. a3 Qa5 23. Bc2 Rxc4 24. b4 Qc7 25. Rxc4 Qxc4 26.
Bxf5 gxf5 27. Qg5+ Kh8 28. Qxf5 Qc3 29. Rb1 Rc8 30. h4 Qc2 31. Qxc2 Rxc2 32.
Re1 Rc7 33. Kh2 Kg7 34. Re3 Kf8 35. g4 Ke8 36. Kg3 Rc4 37. Rd3 Kd7 38. h5 e6
39. dxe6+ Kxe6 40. Kh4 h6 41. Re3+ Kd7 42. Kg3 d5 43. g5 hxg5 44. Re5 Kd6
45. Rxg5 f6 46. Rg4 Rc7 47. h6 Rh7 48. Rh4 Ke5 49. Kg4 d4 50. Kh5 d3 51. Kg6
d2 52. Rh1 Rh8 53. Rd1 Kf4 54. Rxd2 Kxf3 55. Rd6 f5 56. Kxf5 Rf8+ 57. Kg6
Rg8+ 58. Kf7 {Black resigns} 1-0

[Event "ICC tourney 1955 (60 10)"]
[Site "Internet Chess Club"]
[Date "2020.08.08"]
[Round "5"]
[White "rockinroll"]
[Black "jimjimmo"]
[Result "0-1"]
[ICCResult "White resigns"]
[WhiteElo "1814"]
[BlackElo "2004"]
[Opening "Queen's pawn"]
[ECO "A40"]
[NIC "QO.17"]
[Time "15:20:26"]
[TimeControl "3600+10"]

1. d4 c6 2. Bf4 Nf6 3. e3 d5 4. c4 Nbd7 5. Nc3 dxc4 6. Bxc4 Nb6 7. Bb3 Bf5
8. Nf3 e6 9. O-O Bd6 10. Ne5 O-O 11. h3 Bxe5 12. Bxe5 Nfd5 13. Qe2 Nxc3 14.
bxc3 Qe7 15. e4 Bg6 16. Bh2 c5 17. Rac1 Rad8 18. Qe3 c4 19. Bc2 Qa3 20. f4
Rfe8 21. Qf3 f6 22. f5 exf5 23. e5 Nd5 24. Bxf5 Bxf5 25. Qxf5 Ne3 26. Qf3
Nxf1 27. exf6 Qxc1 {White resigns} 0-1

[Event "ICC tourney 1955 (60 10)"]
[Site "Internet Chess Club"]
[Date "2020.08.08"]
[Round "5"]
[White "mmchan"]
[Black "imranchamp"]
[Result "1/2-1/2"]
[ICCResult "Game drawn by mutual agreement"]
[WhiteElo "1958"]
[BlackElo "1674"]
[Opening "Sicilian: Nimzovich-Rossolimo attack (with ...g6, without ...d6)"]
[ECO "B31"]
[NIC "SI.31"]
[Time "15:21:14"]
[TimeControl "3600+10"]

1. e4 c5 2. Nf3 Nc6 3. Bb5 g6 4. O-O Bg7 5. Nc3 Nh6 6. h3 O-O 7. Bxc6 bxc6
8. d3 f5 9. Re1 d6 10. e5 Nf7 11. Bf4 Qb6 12. Rb1 h6 13. h4 d5 14. Qd2 e6
15. Na4 Qb4 {Game drawn by mutual agreement} 1/2-1/2

[Event "ICC tourney 1955 (60 10)"]
[Site "Internet Chess Club"]
[Date "2020.08.08"]
[Round "5"]
[White "divy7"]
[Black "chessrani"]
[Result "0-1"]
[ICCResult "White resigns"]
[WhiteElo "1698"]
[BlackElo "2001"]
[Opening "Sicilian: Alapin's variation (2.c3)"]
[ECO "B22"]
[NIC "SI.46"]
[Time "15:20:39"]
[TimeControl "3600+10"]

1. e4 c5 2. c3 d5 3. exd5 Qxd5 4. d4 e6 5. Nf3 Nc6 6. Bb5 cxd4 7. Bxc6+ Qxc6
8. Qxd4 Nf6 9. O-O Bc5 10. Qe5 O-O 11. Be3 Bd6 12. Qg5 b6 13. Nd4 Qc7 14.
Qh4 Ba6 15. Re1 Nd5 16. Nd2 Nxe3 17. Re2 Bxe2 {White resigns} 0-1

[Event "ICC tourney 1955 (60 10)"]
[Site "Internet Chess Club"]
[Date "2020.08.08"]
[Round "5"]
[White "Kingforce"]
[Black "WR3311"]
[Result "1/2-1/2"]
[ICCResult "Game drawn by mutual agreement"]
[WhiteElo "1997"]
[BlackElo "1860"]
[Opening "Petrov: classical attack"]
[ECO "C42"]
[NIC "RG.04"]
[Time "15:20:54"]
[TimeControl "3600+10"]

1. e4 e5 2. Nf3 Nf6 3. Nxe5 d6 4. Nf3 Nxe4 5. d4 d5 6. Bd3 Nf6 7. O-O Be7 8.
h3 O-O 9. Bf4 Bd6 10. Bxd6 Qxd6 11. Re1 b6 12. Nbd2 Ba6 13. Qe2 Bxd3 14.
Qxd3 Nbd7 15. Nh4 g6 16. c3 Rfe8 17. Nhf3 Rxe1+ 18. Rxe1 c6 19. Re3 Re8 20.
Rxe8+ Nxe8 21. Qe3 Nc7 22. Nh2 Qe6 {Game drawn by mutual agreement} 1/2-1/2

[Event "ICC tourney 1955 (60 10)"]
[Site "Internet Chess Club"]
[Date "2020.08.08"]
[Round "5"]
[White "natez"]
[Black "askarkztx"]
[Result "0-1"]
[ICCResult "White checkmated"]
[WhiteElo "1864"]
[BlackElo "2121"]
[Opening "Queen's pawn game, Rubinstein (Colle-Zukertort) variation"]
[ECO "D05"]
[NIC "QP.08"]
[Time "15:21:05"]
[TimeControl "3600+10"]

1. d4 d5 2. Nf3 Nf6 3. e3 e6 4. Bd3 c5 5. b3 Nc6 6. Bb2 Ne4 7. Nbd2 f5 8. c4
cxd4 9. Nxd4 Nxd4 10. Bxd4 Qg5 11. O-O Bd6 12. Nf3 Qh6 13. cxd5 O-O 14. dxe6
Bxe6 15. g3 Rac8 16. Bxa7 Nc3 17. Qd2 Bd5 18. Ne1 Rf6 19. Bd4 Qxh2+ 20. Kxh2
Rh6+ 21. Kg1 Rh1# {White checkmated} 0-1

[Event "ICC tourney 1955 (60 10)"]
[Site "Internet Chess Club"]
[Date "2020.08.08"]
[Round "5"]
[White "RockroyalChess"]
[Black "tclaneva"]
[Result "1-0"]
[ICCResult "Black resigns"]
[WhiteElo "1743"]
[BlackElo "1883"]
[Opening "Queen's pawn: London system"]
[ECO "A45"]
[NIC "QP.07"]
[Time "15:21:09"]
[TimeControl "3600+10"]

1. d4 Nf6 2. Bf4 d5 3. e3 Bf5 4. Bd3 Bg6 5. Nf3 e6 6. c3 c5 7. O-O Nc6 8.
Qe2 Bd6 9. Bg3 O-O 10. Ne5 Bxe5 11. dxe5 Nd7 12. f4 Qb6 13. b3 Bxd3 14. Qxd3
f6 15. exf6 Nxf6 16. Nd2 Rad8 17. Rad1 d4 18. Nc4 Qc7 19. cxd4 cxd4 20. f5
e5 21. exd4 Rxd4 22. Bxe5 Rxd3 23. Bxc7 Rxd1 24. Rxd1 Ne4 25. g4 h5 26. h3
hxg4 27. hxg4 Nc3 28. Rd2 Nd4 29. Kg2 Ndb5 30. Be5 Ne4 31. Rd7 Rf7 32. Rxf7
Kxf7 33. Kf3 Nc5 34. a4 Nxb3 35. axb5 a6 36. b6 a5 37. Ke4 {Black resigns}
1-0

[Event "ICC tourney 1955 (60 10)"]
[Site "Internet Chess Club"]
[Date "2020.08.08"]
[Round "5"]
[White "Gfprasanna"]
[Black "liguowh"]
[Result "0-1"]
[ICCResult "White resigns"]
[WhiteElo "2067"]
[BlackElo "1955"]
[Opening "Sicilian: Alapin's variation (2.c3)"]
[ECO "B22"]
[NIC "SI.47"]
[Time "15:20:12"]
[TimeControl "3600+10"]

1. e4 c5 2. c3 Nf6 3. e5 Nd5 4. d4 cxd4 5. cxd4 Nc6 6. Nf3 e6 7. Bc4 d6 8.
O-O Be7 9. exd6 Qxd6 10. Nc3 O-O 11. h3 a6 12. Nxd5 exd5 13. Bb3 Bf5 14. Re1
Rfe8 15. Bd2 Bf6 16. Be3 Rac8 17. Rc1 h6 18. Qd2 Re6 19. Bf4 Qe7 20. Bxd5
Rxe1+ 21. Rxe1 Qd7 22. Bxc6 Rxc6 23. Qb4 b5 24. Rc1 Be4 25. Rxc6 Qxc6 26.
Ne1 Qd5 27. Be3 Qxa2 28. Qc3 a5 29. Qc8+ Kh7 30. Qc1 a4 31. Nc2 Qc4 32. Na3
Qxc1+ 33. Bxc1 Bd3 34. Bd2 Bxd4 35. Bc3 Bc5 {White resigns} 0-1

[Event "ICC tourney 1955 (60 10)"]
[Site "Internet Chess Club"]
[Date "2020.08.08"]
[Round "5"]
[White "annameiyappan"]
[Black "playerlucky"]
[Result "1-0"]
[ICCResult "Black resigns"]
[WhiteElo "2085"]
[BlackElo "1908"]
[Opening "French defense, Steiner variation"]
[ECO "C00"]
[NIC "FR.01"]
[Time "15:20:11"]
[TimeControl "3600+10"]

1. e4 e6 2. c4 d5 3. exd5 exd5 4. cxd5 Nf6 5. Bb5+ Bd7 6. Bc4 Bc5 7. d4 Bb4+
8. Nc3 O-O 9. Ne2 Ba5 10. O-O Bf5 11. Ng3 Bg6 12. f4 h6 13. f5 Bh7 14. Bf4
c6 15. d6 b5 16. Bb3 Bb4 17. Be5 Bxd6 18. Nce4 Be7 19. Nxf6+ Bxf6 20. Qg4
Nd7 21. Rae1 Kh8 22. Nh5 g6 23. Nxf6 Nxf6 24. fxg6 fxg6 25. Qe6 Kg7 26. Rxf6
Rxf6 27. Rf1 {Black resigns} 1-0

[Event "ICC tourney 1955 (60 10)"]
[Site "Internet Chess Club"]
[Date "2020.08.08"]
[Round "5"]
[White "Rohith-p"]
[Black "ThunderingFish"]
[Result "1-0"]
[ICCResult "Black resigns"]
[WhiteElo "2145"]
[BlackElo "1906"]
[Opening "Sicilian: Scheveningen, Keres attack"]
[ECO "B81"]
[NIC "SI.20"]
[Time "15:20:45"]
[TimeControl "3600+10"]

1. e4 c5 2. Nf3 e6 3. d4 cxd4 4. Nxd4 Nf6 5. Nc3 d6 6. g4 Be7 7. h3 Nc6 8.
Bg2 O-O 9. Be3 a6 10. Qe2 Qc7 11. f4 Nd7 12. O-O-O b5 13. Nxc6 Qxc6 14. e5
d5 15. Nxd5 exd5 16. Bxd5 Qc7 17. Bxa8 Qa5 18. Bd5 Nc5 19. Bxc5 Bxc5 20. Kb1
Qa4 21. Qe4 b4 22. Qc4 Ba7 23. Bxf7+ Kh8 24. e6 {Black resigns} 1-0

[Event "ICC tourney 1955 (60 10)"]
[Site "Internet Chess Club"]
[Date "2020.08.08"]
[Round "5"]
[White "caracal"]
[Black "slolla"]
[Result "1-0"]
[ICCResult "Black resigns"]
[WhiteElo "1982"]
[BlackElo "1787"]
[Opening "King's Indian: orthodox, Aronin-Taimanov, Benkö attack"]
[ECO "E99"]
[NIC "KI.02"]
[Time "15:20:50"]
[TimeControl "3600+10"]

1. d4 Nf6 2. c4 g6 3. Nc3 Bg7 4. e4 d6 5. Nf3 O-O 6. Be2 e5 7. O-O Nc6 8. d5
Ne7 9. Ne1 Nd7 10. f3 f5 11. g4 fxg4 12. fxg4 Rxf1+ 13. Kxf1 Nf6 14. Nd3 c6
15. Kg2 Bd7 16. Be3 c5 17. a3 Rc8 18. Nf2 a5 19. Rb1 h6 20. h4 Rb8 21. b4 b6
22. bxa5 bxa5 23. Rxb8 Qxb8 24. Qb1 Qc8 25. Kg3 h5 26. g5 Ng4 27. Nxg4 Bxg4
28. Qd1 Bxe2 29. Qxe2 Qb7 30. Nb5 Nc8 31. Bd2 a4 32. Ba5 Bf8 33. Qf3 Be7 34.
Bc7 Na7 35. Nxd6 Qb3 36. Nb5 Nxb5 37. cxb5 Qxb5 38. Bxe5 Qd7 39. Bf6 Bf8 40.
e5 c4 41. Qe4 Kh7 42. Qxc4 Bxa3 43. d6 Bb2 44. Qc7 {Black resigns} 1-0

[Event "ICC tourney 1955 (60 10)"]
[Site "Internet Chess Club"]
[Date "2020.08.08"]
[Round "5"]
[White "sgangavarapu"]
[Black "fluffypillow73"]
[Result "1-0"]
[ICCResult "Black resigns"]
[WhiteElo "1858"]
[BlackElo "2018"]
[Opening "QGD: semi-Slav, Marshall gambit"]
[ECO "D31"]
[NIC "SL.06"]
[Time "15:20:54"]
[TimeControl "3600+10"]

1. d4 d5 2. c4 e6 3. Nc3 c6 4. e4 Bb4 5. e5 f6 6. Bd3 Qe7 7. Nf3 c5 8. cxd5
cxd4 9. Bb5+ Bd7 10. Bxd7+ Nxd7 11. Nxd4 exd5 12. O-O Bxc3 13. bxc3 fxe5 14.
Qb3 O-O-O 15. Ba3 Qf6 16. Nb5 Nb6 17. Nxa7+ Kb8 18. Rab1 Kxa7 19. Bc5 Rd6
20. Qa3+ Kb8 21. Bxd6+ Kc8 22. Rxb6 {Black resigns} 1-0

[Event "ICC tourney 1955 (60 10)"]
[Site "Internet Chess Club"]
[Date "2020.08.08"]
[Round "5"]
[White "rtahmass"]
[Black "gz99754539"]
[Result "0-1"]
[ICCResult "White resigns"]
[WhiteElo "2136"]
[BlackElo "2003"]
[Opening "Two knights defense"]
[ECO "C59"]
[NIC "KP.01"]
[Time "15:20:12"]
[TimeControl "3600+10"]

1. e4 e5 2. Nf3 Nc6 3. Bc4 Nf6 4. Ng5 d5 5. exd5 Na5 6. Bb5+ c6 7. dxc6 bxc6
8. Be2 h6 9. Nf3 e4 10. Ne5 Qd4 11. f4 Bc5 12. Rf1 Qd6 13. c3 Nb7 14. d4
exd3 15. Nxd3 O-O 16. Nxc5 Qxc5 17. Nd2 Re8 18. Nf3 Bg4 19. Ne5 Rad8 20. Bd2
Ne4 21. Bxg4 Rxd2 22. Qxd2 Nxd2 23. Kxd2 f6 24. Nd3 Qe3+ 25. Kc2 Qe4 26. Bf3
Qg6 27. g4 f5 28. g5 hxg5 29. Ne5 Rxe5 30. fxe5 f4+ 31. Kb3 Qd3 32. a4 Na5+
33. Ka3 Nc4+ 34. Kb4 Nd2 35. Rfd1 Qc4+ {White resigns} 0-1

[Event "ICC tourney 1955 (60 10)"]
[Site "Internet Chess Club"]
[Date "2020.08.08"]
[Round "5"]
[White "movingkid"]
[Black "sirking2800"]
[Result "1-0"]
[ICCResult "Black resigns"]
[WhiteElo "1817"]
[BlackElo "1989"]
[Opening "Ruy Lopez: exchange variation"]
[ECO "C68"]
[NIC "RL.08"]
[Time "15:20:49"]
[TimeControl "3600+10"]

1. e4 e5 2. Nf3 Nc6 3. Bb5 a6 4. Bxc6 dxc6 5. d3 Bd6 6. Be3 Ne7 7. Nbd2 Ng6
8. h3 O-O 9. O-O b5 10. a4 h6 11. c3 Qe7 12. b4 Be6 13. d4 exd4 14. Nxd4 Qh4
15. Nxe6 fxe6 16. Qc2 Rf6 17. Bd4 Rf7 18. Rae1 e5 19. Be3 Raf8 20. f3 Nf4
21. Bxf4 Rxf4 22. c4 Bxb4 23. cxb5 axb5 24. Qb3+ Kh7 25. Qxb4 R8f6 26. axb5
cxb5 27. Qxb5 Qg3 28. Qxe5 Rg6 29. Re2 c5 30. Rff2 Rg5 31. Qc7 Rxf3 32. Qxg3
Rfxg3 33. e5 c4 34. Ne4 {Black resigns} 1-0

[Event "ICC tourney 1955 (60 10)"]
[Site "Internet Chess Club"]
[Date "2020.08.08"]
[Round "5"]
[White "IndianTerritory"]
[Black "ShadowApt"]
[Result "1-0"]
[ICCResult "Black checkmated"]
[WhiteElo "2012"]
[BlackElo "2057"]
[Opening "Sicilian: Najdorf, Byrne (English) attack"]
[ECO "B90"]
[NIC "SI.14"]
[Time "15:20:33"]
[TimeControl "3600+10"]

1. e4 c5 2. Nf3 d6 3. d4 cxd4 4. Nxd4 Nf6 5. Nc3 a6 6. Be3 e5 7. Nb3 Be7 8.
f3 Be6 9. Be2 O-O 10. O-O Nbd7 11. Qd2 Rc8 12. Rad1 b5 13. Qc1 Nb6 14. Nc5
Nc4 15. Bf2 Qa5 16. Nxe6 fxe6 17. Bxc4 Rxc4 18. a3 b4 19. axb4 Qxb4 20. Qa1
a5 21. Qa2 Rd8 22. Rd3 d5 23. exd5 exd5 24. Re1 d4 25. Rxe5 dxc3 26. Rxc3
Ng4 27. Rxe7 Qxe7 28. Qxc4+ Kh8 29. Rd3 Nxf2 30. Rxd8+ Qxd8 31. Kxf2 h5 32.
c3 Qd2+ 33. Qe2 Qd8 34. g3 Qb6+ 35. Kg2 Kh7 36. Qe4+ g6 37. Qe7+ Kh6 38.
Qf8+ Kh7 39. Qf7+ Kh6 40. Qf4+ Kh7 41. Qd2 Qb5 42. Qc2 a4 43. c4 Qb4 44. c5
h4 45. c6 Qb8 46. c7 Qc8 47. Qc4 h3+ 48. Kf2 Kg7 49. Qd4+ Kh6 50. Qg4 Qxc7
51. Qf4+ Qxf4 52. gxf4 g5 53. fxg5+ Kxg5 54. Kg3 Kf5 55. f4 Ke4 56. Kg4 Kd3
57. f5 Kc2 58. f6 Kxb2 59. f7 a3 60. f8=Q a2 61. Qf2+ Kb1 62. Qf1+ Kb2 63.
Qxh3 a1=Q 64. Qh8+ Kb1 65. Qxa1+ Kxa1 66. h4 Kb2 67. h5 Kc3 68. h6 Kd4 69.
h7 Ke5 70. h8=Q+ Ke6 71. Qf8 Kd7 72. Qf6 Kc7 73. Qe6 Kb8 74. Qd7 Ka8 75. Kf5
Kb8 76. Ke5 Ka8 77. Kd6 Kb8 78. Kc6 Ka8 79. Qb7# {Black checkmated} 1-0

[Event "ICC tourney 1955 (60 10)"]
[Site "Internet Chess Club"]
[Date "2020.08.08"]
[Round "5"]
[White "clydedrexler22"]
[Black "Baseballchamp"]
[Result "1-0"]
[ICCResult "Black resigns"]
[WhiteElo "1918"]
[BlackElo "2011"]
[Opening "Queen's pawn, Mason variation"]
[ECO "D00"]
[NIC "QP.08"]
[Time "15:20:49"]
[TimeControl "3600+10"]

1. d4 d5 2. Bf4 Bf5 3. e3 e6 4. c4 Bxb1 5. Qxb1 Bb4+ 6. Kd1 Nf6 7. c5 Ne4 8.
Bg3 c6 9. Bd3 Nxg3 10. hxg3 g6 11. Nf3 Nd7 12. Qc2 Ba5 13. Ke2 Bc7 14. Rh3
Qf6 15. Rah1 Qg7 16. Ng5 h6 17. Bxg6 Qxg6 18. Qxg6 fxg6 19. Nxe6 Bd8 20.
Rxh6 Rxh6 21. Rxh6 Kf7 22. Nf4 Nf8 23. Nd3 Kg7 24. Rh1 Bf6 25. g4 Re8 26.
Kd2 g5 27. g3 Ng6 28. f4 Rh8 29. Rxh8 Nxh8 30. b4 Kf7 31. Ke2 Ke6 32. Ne1
Nf7 33. Nf3 Bd8 34. Kd3 gxf4 35. gxf4 Nh6 36. g5 Nf5 37. Nd2 Ng3 38. a4 Kf5
39. Nf3 Ne4 40. Ne5 Bc7 41. Nf3 b6 42. Nh4+ Ke6 43. Nf3 a5 44. cxb6 Bxb6 45.
bxa5 Bxa5 46. Ne5 c5 47. Nc6 c4+ 48. Kc2 Bd2 49. a5 Kd7 50. Ne5+ Kc7 51. Ng4
Bxa5 52. g6 {Black resigns} 1-0

[Event "ICC tourney 1955 (60 10)"]
[Site "Internet Chess Club"]
[Date "2020.08.08"]
[Round "5"]
[White "kapilank"]
[Black "rabbitAAAA"]
[Result "1/2-1/2"]
[ICCResult "Game drawn by mutual agreement"]
[WhiteElo "1902"]
[BlackElo "1826"]
[Opening "Caro-Kann: classical, Spassky variation"]
[ECO "B19"]
[NIC "CK.12"]
[Time "15:21:14"]
[TimeControl "3600+10"]

1. e4 c6 2. d4 d5 3. Nd2 dxe4 4. Nxe4 Bf5 5. Ng3 Bg6 6. h4 h6 7. Nf3 Nd7 8.
h5 Bh7 9. Bd3 Bxd3 10. Qxd3 e6 11. Bd2 Ngf6 12. O-O-O Be7 13. Kb1 O-O 14.
Ne4 Nxe4 15. Qxe4 Nf6 16. Qd3 c5 17. Rdg1 Ng4 18. Be3 cxd4 19. Nxd4 Nxe3 20.
fxe3 Bc5 21. g4 Qg5 22. Rg3 Rfd8 23. Qe4 Rd5 24. Rf1 Rad8 25. c3 Bxd4 26.
exd4 e5 27. Rgf3 exd4 28. Rxf7 dxc3 29. Rf8+ Rxf8 30. Qe6+ Kh7 31. Qe4+ Kg8
32. Qe6+ Kh7 33. Qe4+ {Game drawn by mutual agreement} 1/2-1/2

[Event "ICC tourney 1955 (60 10)"]
[Site "Internet Chess Club"]
[Date "2020.08.08"]
[Round "5"]
[White "Roger436"]
[Black "goodcrowdchess"]
[Result "0-1"]
[ICCResult "White checkmated"]
[WhiteElo "1560"]
[BlackElo "1622"]
[Opening "Ruy Lopez: Wormald (Alapin) attack"]
[ECO "C77"]
[NIC "RL.12"]
[Time "15:20:51"]
[TimeControl "3600+10"]

1. e4 e5 2. Nf3 Nc6 3. Bb5 a6 4. Ba4 Nf6 5. Qe2 b5 6. Bb3 Bc5 7. c3 O-O 8.
d3 Re8 9. Bg5 h6 10. Bh4 d6 11. h3 Be6 12. Nbd2 d5 13. O-O d4 14. cxd4 Nxd4
15. Nxd4 Bxd4 16. Bxe6 Rxe6 17. Nb3 c5 18. Rac1 Rc8 19. Rc2 Qd6 20. Kh1 Nd7
21. Nxd4 Qxd4 22. f4 Rd6 23. Rd2 c4 24. Rfd1 c3 25. bxc3 Rxc3 26. Bf2 Qa4
27. d4 exf4 28. d5 Rc4 29. Rd4 Ne5 30. Rxc4 Qxc4 31. Qxc4 Nxc4 32. Bc5 Rd7
33. Kg1 g5 34. Kf2 Kg7 35. Kf3 Kg6 36. Bd4 f5 37. Bc3 Ne3 38. Rd2 Nf1 39.
Rd3 Nh2+ 40. Kf2 fxe4 41. Rd4 e3+ 42. Kg1 f3 43. Be1 f2+ 44. Bxf2 exf2+ 45.
Kxf2 Rf7+ 46. Kg1 Nf1 47. d6 Rd7 48. Kxf1 Kf6 49. h4 Ke5 50. Rg4 Kf5 51. Rd4
gxh4 52. Rxh4 Rxd6 53. Ke2 Rg6 54. Kf3 Rc6 55. g4+ Kg5 56. Rh5+ Kg6 57. Rh2
Rc3+ 58. Kf4 Rc4+ 59. Kf3 b4 60. Rh5 Rc3+ 61. Kf4 Ra3 62. Rh2 a5 63. Rd2 a4
64. Rd6+ Kg7 65. Rb6 b3 66. axb3 Rxb3 67. Ra6 Ra3 68. Ra8 Ra1 69. Kf5 a3 70.
Ra7+ Kf8 71. Kg6 a2 72. Ra8+ Ke7 73. Ra7+ Kd6 74. Ra6+ Kc5 75. Ra8 h5 76.
Kxh5 Rh1+ 77. Kg6 a1=Q 78. Rxa1 Rxa1 79. Kf6 Ra6+ 80. Kf7 Ra7+ 81. Kf6 Kd5
82. g5 Ra6+ 83. Kf7 Ke5 84. g6 Ra7+ 85. Kf8 Kf6 86. g7 Ra8# {White
checkmated} 0-1

[Event "ICC tourney 1955 (60 10)"]
[Site "Internet Chess Club"]
[Date "2020.08.08"]
[Round "5"]
[White "PearsonH"]
[Black "rohu333"]
[Result "1-0"]
[ICCResult "Black resigns"]
[WhiteElo "1778"]
[BlackElo "1794"]
[Opening "Queen's pawn: London system"]
[ECO "A45"]
[NIC "QP.07"]
[Time "16:01:59"]
[TimeControl "3600+10"]

1. d4 Nf6 2. Bf4 g6 3. Nc3 Bg7 4. e4 d6 5. Qd2 h6 6. O-O-O g5 7. Be3 a6 8.
h4 g4 9. f3 b5 10. Bd3 b4 11. Nce2 a5 12. fxg4 Bxg4 13. Nf3 Nc6 14. Rdf1 Qb8
15. e5 Nd7 16. Be4 Qb7 17. Nh2 Bxe2 18. Qxe2 f6 19. e6 Nf8 20. Qh5+ Kd8 21.
Qf7 {Black resigns} 1-0

[Event "ICC tourney 1955 (60 10)"]
[Site "Internet Chess Club"]
[Date "2020.08.08"]
[Round "5"]
[White "jairam09"]
[Black "mopaska1106"]
[Result "0-1"]
[ICCResult "White resigns"]
[WhiteElo "1819"]
[BlackElo "2031"]
[Opening "Queen's Pawn"]
[ECO "A41"]
[NIC "QO.17"]
[Time "15:20:54"]
[TimeControl "3600+10"]

1. d4 d6 2. Bf4 g6 3. e3 Bg7 4. Nf3 f5 5. Be2 Nf6 6. h3 c6 7. Nbd2 O-O 8.
O-O Nbd7 9. c3 Qe8 10. Ng5 e5 11. dxe5 dxe5 12. Bh2 Nc5 13. Bc4+ Kh8 14. b4
Ne6 15. Nxe6 Bxe6 16. Qb3 Nd5 17. Nf3 b5 18. Bxd5 Bxd5 19. Qd1 Rd8 20. Qc2
g5 21. Nd2 f4 22. e4 Be6 23. f3 Rf7 24. Nb3 Rfd7 25. Rfd1 Bf8 26. Kh1 Qh5
27. Rxd7 Rxd7 28. Rd1 Bxh3 29. Rxd7 Bxd7 30. Qf2 g4 31. fxg4 Qxg4 32. Qxa7
c5 33. Nxc5 f3 34. Bxe5+ Kg8 35. gxf3 Qxf3+ 36. Kg1 Bh3 {White resigns} 0-1